 Dungeon Crawl Stone Soup version 0.16.2-12-gd0ad4c3 (webtiles) character file.

48 eeldvark the Gusty (level 3, -1/26 HPs)
             Began as a Draconian Air Elementalist on Sept 26, 2015.
             Slain by a gnoll
             ... wielding a +0 whip
              (4 damage)
             ... on level 2 of the Dungeon.
             The game lasted 00:09:52 (1718 turns).

eeldvark the Gusty (Draconian Air Elementalist)     Turns: 1718, Time: 00:09:53

Health: -1/26      AC:  5    Str: 10    XL:     3   Next: 50%
Magic:  1/6        EV: 12    Int: 15    God:
Gold:   89         SH:  0    Dex: 12    Spells: 2 memorised, 3 levels left

rFire  . . .     SeeInvis .     e - +0 dagger
rCold  . . .     Clarity  .     (armour unavailable)
rNeg   . . .     SustAb   .     (no shield)
rPois  .         Gourm    .     (helmet restricted)
rElec  .         Spirit   .     (no cloak)
rCorr  .         Warding  .     (no gloves)
rMut   .         Stasis   .     (no boots)
MR     .....                    (no amulet)
Stlth  ++........               (no ring)
                                (no ring)

@: very slightly contaminated, not resistant to hostile enchantments, unstealthy
A: unfitting armour, cold-blooded, AC +5
a: no special abilities


You were on level 2 of the Dungeon.
You were not hungry.

You visited 1 branch of the dungeon, and saw 2 of its levels.

You collected 89 gold pieces.

Inventory:

Hand weapons
 e - a +0 dagger (weapon)
 g - a +1 hunting sling of flaming
 k - a +1 spear of piercing
 o - a +0 whip of venom
Missiles
 h - 20 stones
 p - 8 sling bullets of frost
 s - a throwing net (quivered)
Magical devices
 r - a wand of digging (13)
Scrolls
 f - a scroll of immolation {unknown}
 i - 4 scrolls of random uselessness {unknown}
 l - a scroll of teleportation {unknown}
 n - 2 scrolls of identify {unknown}
 q - a scroll of magic mapping {unknown}
Potions
 a - a potion of cancellation {unknown}
 j - a potion of curing {unknown}
Books
 b - a book of Air

   Spells                             Type                      Level
   a - Shock                          Conjuration/Air              1
   b - Swiftness                      Charms/Air                   2
   c - Repel Missiles                 Charms/Air                   2
   d - Flight                         Charms/Air                   3
   e - Static Discharge               Conjuration/Air              3
   f - Lightning Bolt                 Conjuration/Air              5
Comestibles
 c - a bread ration
 d - a meat ration
 m - a royal jelly


   Skills:
 + Level 2.9 Short Blades
 - Level 1.7 Dodging
 - Level 1.7 Stealth
 - Level 2.0 Spellcasting
 - Level 1.5 Conjurations
 - Level 3.0 Air Magic


You had 3 spell levels left.
You knew the following spells:

 Your Spells              Type           Power        Failure   Level  Hunger
a - Shock                 Conj/Air       #...         12%         1    #......
b - Swiftness             Chrm/Air       #.......     17%         2    ###....


Dungeon Overview and Level Annotations

Branches:
Dungeon (2/15)

Altars:


Innate Abilities, Weirdness & Mutations

Your plain brown scales are hard (AC +5).
Your body does not fit into most forms of armour.
Your cold-blooded metabolism reacts poorly to cold.


Message History

You feel sluggish.
You hit the gnoll but do no damage.
The gnoll is severely wounded.
The gnoll misses you.
You hit the gnoll but do no damage. You tail-slap the gnoll.
You kill the gnoll!
The gnoll hits you with a whip.
You start to feel a little faster.
You hit the gnoll.
Your tail-slap misses the gnoll.
The gnoll is heavily wounded.
The gnoll closely misses you. The gnoll hits you with a whip!
You hit the gnoll.
The gnoll is heavily wounded.
The gnoll hits you with a whip!
* * * LOW HITPOINT WARNING * * *
You no longer feel sluggish.
There is a stone staircase leading up here.
The gnoll hits you with a whip.
You die...

#.....#
#.##.## #.
#.#
#.##.########
#.#.........#
#.#########.#
.> #.# ##
#.### #.#@#
#.#g# #.#h#
#.#g# #.#.#
#.#.# #.#.#
#########[#K#
#.........#.#


You could see 2 gnolls, a jackal and a kobold.

Vanquished Creatures
  A gnoll (D:2)
  An adder (D:2)
  2 ball pythons (D:2)
  4 bats
  7 goblins
  7 hobgoblins
  A giant cockroach (D:1)
  2 giant newts (D:1)
  A jackal (D:2)
  3 kobolds
  5 rats (D:1)
34 creatures vanquished.

Notes
Turn   | Place    | Note
--------------------------------------------------------------
     0 | D:1      | eeldvark, the Draconian Air Elementalist, began the quest for the Orb.
     0 | D:1      | Reached XP level 1. HP: 14/14 MP: 3/3
   343 | D:1      | You fall through a shaft!
   578 | D:2      | Reached skill level 1 in Short Blades
   664 | D:2      | Reached XP level 2. HP: 15/20 MP: 1/4
  1182 | D:1      | Reached XP level 3. HP: 26/26 MP: 4/6
  1685 | D:2      | Learned a level 2 spell: Swiftness
  1718 | D:2      | Slain by a gnoll

Action                   || total
-------------------------++-------
Melee: Dagger            ||    98
       Unarmed           ||    14
 Cast: Shock             ||    22
       Swiftness         ||     1
  Eat: Chunk             ||     3
